 Dungeon Crawl Stone Soup version 0.29.0-4-gdea44cf6ec (webtiles) character file.

Game seed: 5547637553640727830

258 qw the Chopper (level 6, -5/35 HPs)
             Began as a Tengu Warper on Aug 28, 2022.
             Slain by an iguana (11 damage)
             ... on level 4 of the Dungeon.
             The game lasted 00:00:20 (3171 turns).

qw the Chopper (Tengu Warper)                       Turns: 3171, Time: 00:00:21

Health: -5/35      AC:  6    Str: 13    XL:     6   Next: 16%
Magic:  10/10      EV: 11    Int: 14    God:
Gold:   64         SH:  0    Dex: 13    Spells: 9/9 levels left

rFire   . . .      SeeInvis .   Y - +1 hand axe
rCold   . . .      Faith    .   (no shield)
rNeg    . . .      Spirit   .   f - +0 scale mail
rPois   +          Reflect  .   (helmet restricted)
rElec   .          Harm     .   (no cloak)
rCorr   .          Rampage  .   (no gloves)
Will    .....                   (boots unavailable)
Stlth   ..........              (no amulet)
HPRegen 0.11/turn               j - ring of poison resistance
MPRegen 0.12/turn               (no ring)

@: about to teleport, flying quickly and evasively, quick
A: beak, talons 3, nimble flight
a: no special abilities


You were on level 4 of the Dungeon.
You visited 1 branch of the dungeon, and saw 5 of its levels.

You collected 174 gold pieces.
You spent 110 gold pieces at shops.


Innate Abilities, Weirdness & Mutations

You have a beak for a mouth.
You have claws for feet.
Your magical nature lets you fly swiftly and evasively.


   Skills:
 - Level 2.0 Fighting
 + Level 6.9 Axes
 - Level 1.0 Throwing
 - Level 1.1 Armour
 - Level 2.1 Dodging
 - Level 2.0 Spellcasting
 - Level 2.4 Translocations


You had 9 spell levels left.
You didn't know any spells.
Your spell library contained the following spells:

 Spells                   Type           Power      Damage    Failure   Level
 Blink                    Tloc           16%        N/A       54%         2
 Gell's Gravitas          Tloc           8%         N/A       78%         3
 Lesser Beckoning         Tloc           8%         N/A       78%         3
 Teleport Other           Tloc           8%         N/A       78%         3
 Manifold Assault         Tloc           8%         N/A       100%        5

Inventory:

Hand Weapons
 b - a +3 mace
 Y - a +1 hand axe (weapon)
Missiles
 l - 3 boomerangs (quivered)
Armour
 d - the +1 ring mail of Panentheism {Rampage rElec rC- Int+7}
   (You found it on level 2 of the Dungeon)

   Int:       It affects your intelligence (+7).
   rC:        It makes you vulnerable to cold.
   rElec:     It insulates you from electricity.
   Rampage:   It bestows one free step when moving towards enemies.
 f - a +0 scale mail (worn)
Jewellery
 j - a ring of poison resistance (left hand)
Scrolls
 a - 4 scrolls of teleportation
 g - 4 scrolls of identify
 n - 2 scrolls of enchant armour
Potions
 e - 4 potions of curing
 i - a potion of mutation
 k - a potion of might
 m - a potion of haste

Dungeon Overview and Level Annotations

Branches:
Dungeon (5/15)
 Temple: D:4-7

Altars:
The Shining One

Shops:
D:1 *(=*?   D:3 *

Annotations:
D:3 3 runed translucent doors, qw's ghost, amateur TeWr


Message History

You hit the iguana.
The iguana is lightly wounded.
You closely miss the hound. The hound closely misses you.
The iguana closely misses you.
You hit the iguana but do no damage. You claw the iguana, but do no damage.
You peck the iguana. You punch the iguana.
The iguana is moderately wounded.
You hit the hound. The hound barely misses you. The iguana barely misses you.
The hound misses you.
You hit the hound but do no damage.
The hound is moderately wounded.
You closely miss the iguana. The hound bites you. The iguana bites you!
You hit the hound. You claw the hound, but do no damage.
The hound is severely wounded.
You hit the iguana but do no damage. The hound bites you but does no damage.
The iguana bites you! The hound closely misses you.
You hit the hound but do no damage. Your kick misses the hound.
The hound is severely wounded.
You hit the iguana. The hound bites you. The iguana completely misses you.
You hit the hound.
You kill the hound!
You hit the iguana but do no damage. The iguana bites you.
An orc comes into view. It is wielding a +0 club.
3169 ||| READING 5 scrolls of teleportation.
As you read the scroll of teleportation, it crumbles to dust.
You feel strangely unstable.
The orc shouts!
The iguana bites you but does no damage.
You barely miss the iguana.
The iguana is moderately wounded.
The iguana hisses menacingly.
The iguana bites you.
You hit the iguana but do no damage. You claw the iguana, but do no damage.
The iguana is moderately wounded.
The iguana bites you!
You die...

##.##.#..#.#..#
......#..#.#..#
####.####=....o.#
................#
####.####.......#
#.......#.......#
#.##.##.#l%.....!
..#...#..@%...#
###._.###.....#
...........####
##.#####>..# #.#.#
#.#.#
...##########..#.#
.............>....
...####........#..


You could see an iguana and an orc.

Vanquished Creatures
  A centaur (D:5)
  A scorpion (D:3)
  A hound (D:4)
  An adder (D:2)
  2 dart slugs (D:1)
  7 ball pythons
  5 bats
  8 endoplasms
  3 giant cockroaches
  8 goblins
  4 hobgoblins
  9 jackals
  7 kobolds
  3 quokkas
  4 frilled lizards
  6 rats
70 creatures vanquished.

Notes
Turn   | Place    | Note
-------+----------+-------------------------------------------
     0 | D:1      | qw the Tengu Warper began the quest for the Orb.
     0 | D:1      | Reached XP level 1. HP: 12/12 MP: 4/4
     0 | D:1      | 0 ||| qw: Version: 0.1-a-89-g26bdef1
     0 | D:1      | 0 ||| qw: Game counter: 3302
     0 | D:1      | 0 ||| qw: Always use a shield: true
     0 | D:1      | 0 ||| qw: God list: Okawaru
     0 | D:1      | 0 ||| qw: Allow faded altars: false
     0 | D:1      | 0 ||| qw: Do Orc after D:15 true
     0 | D:1      | 0 ||| qw: Do second Lair branch before Depths: true
     0 | D:1      | 0 ||| qw: Lair rune preference: random
     0 | D:1      | 0 ||| qw: Plans: Normal
     0 | D:1      | 0 ||| PLANNING D:1-11
    25 | D:1      | Reached XP level 2. HP: 15/17 MP: 6/6
    78 | D:1      | Found Sitext's Jewellery Boutique.
    81 | D:1      | Reached skill level 3 in Axes
   112 | D:1      | 112 ||| SHOPLISTING +6 ring of strength (432 gold, have
                  | 18).
   112 | D:1      | 112 ||| SHOPLISTING amulet of guardian spirit (360 gold,
                  | have 18).
   112 | D:1      | 112 ||| SHOPLISTING amulet of the acrobat (360 gold, have
                  | 18).
   112 | D:1      | 112 ||| SHOPLISTING ring of fire (300 gold, have 18).
   112 | D:1      | 112 ||| SHOPLISTING ring of poison resistance (240 gold,
                  | have 18).
   112 | D:1      | 112 ||| SHOPLISTING ring of protection from fire (300 gold,
                  | have 18).
   451 | D:1      | 451 ||| Stepping ~*~*~tactically~*~*~ (stealth).
   456 | D:1      | Reached XP level 3. HP: 16/21 MP: 7/7
   456 | D:1      | 456 ||| Stepping ~*~*~tactically~*~*~ (stealth).
   469 | D:1      | 469 ||| Stepping ~*~*~tactically~*~*~ (stealth).
   525 | D:1      | 525 ||| Stepping ~*~*~tactically~*~*~ (stealth).
   526 | D:1      | 526 ||| Stepping ~*~*~tactically~*~*~ (stealth).
   548 | D:1      | 548 ||| Stepping ~*~*~tactically~*~*~ (stealth).
   561 | D:1      | Found Acur Seb's General Store.
   568 | D:1      | 568 ||| BUYING scroll of identify (22 gold).
   568 | D:1      | Bought a scroll of identify for 22 gold pieces
   568 | D:1      | 568 ||| SHOPLISTING scroll of identify (22 gold, have 6).
   568 | D:1      | 568 ||| SHOPLISTING scroll of teleportation (33 gold, have
                  | 6).
   617 | D:1      | Found Isyger's Antique Weapon Shop.
   624 | D:1      | Reached skill level 4 in Axes
   727 | D:1      | 727 ||| SHOPLISTING mace (63 gold, have 15).
   727 | D:1      | 727 ||| SHOPLISTING war axe (73 gold, have 15).
   783 | D:1      | Found Axkaops's General Store.
   795 | D:1      | 795 ||| SHOPLISTING potion of heal wounds (60 gold, have
                  | 30).
  1071 | D:1      | Found Cavaud's Magic Scroll Shop.
  1076 | D:1      | 1076 ||| BUYING scroll of identify (20 gold).
  1076 | D:1      | Bought a scroll of identify for 20 gold pieces
  1076 | D:1      | 1076 ||| BUYING scroll of identify (20 gold).
  1076 | D:1      | Bought a scroll of identify for 20 gold pieces
  1076 | D:1      | 1076 ||| SHOPLISTING scroll of teleportation (30 gold, have
                  | 24).
  1329 | D:1      | 1329 ||| UPGRADING to +0 scale mail.
  1339 | D:1      | 1339 ||| DROPPING +0 leather armour.
  1340 | D:1      | 1340 ||| DROPPING amulet of magic regeneration.
  1341 | D:1      | 1341 ||| UPGRADING to ring of poison resistance.
  1342 | D:1      | 1342 ||| READING 5 scrolls labelled XIJAVOEJEM.
  1347 | D:1      | 1347 ||| DRINKING 2 sedimented silvery potions.
  1348 | D:1      | 1348 ||| READING 4 scrolls of identify.
  1348 | D:1      | 1348 ||| IDENTIFYING orange potion
  1349 | D:1      | 1349 ||| READING 3 scrolls of identify.
  1349 | D:1      | 1349 ||| IDENTIFYING brown potion
  1350 | D:1      | 1350 ||| READING 2 scrolls of identify.
  1350 | D:1      | 1350 ||| IDENTIFYING cyan potion
  1351 | D:1      | 1351 ||| DROPPING scroll of blinking.
  1352 | D:1      | 1352 ||| DROPPING potion of degeneration.
  1353 | D:1      | 1353 ||| DROPPING potion of brilliance.
  1488 | D:2      | 1488 ||| DROPPING +0 club.
  1638 | D:2      | Reached XP level 4. HP: 26/26 MP: 8/8
  1652 | D:2      | Identified the +1 ring mail of Panentheism {Rampage rElec
                  | rC- Int+7}
  1998 | D:2      | 1998 ||| Stepping ~*~*~tactically~*~*~ (stealth).
  2113 | D:2      | 2113 ||| READING scroll labelled GIODDOAFOJE.
  2114 | D:2      | 2114 ||| READING scroll labelled WYILIQ GAUDDUA.
  2115 | D:2      | 2115 ||| READING scroll labelled INEZXUELUME.
  2116 | D:2      | 2116 ||| READING 4 scrolls of identify.
  2116 | D:2      | 2116 ||| IDENTIFYING coppery potion
  2117 | D:2      | 2117 ||| DROPPING potion of flight.
  2161 | D:3      | 2161 ||| Stepping ~*~*~tactically~*~*~ (stealth).
  2162 | D:3      | 2162 ||| Stepping ~*~*~tactically~*~*~ (stealth).
  2177 | D:3      | Reached skill level 5 in Axes
  2362 | D:3      | Noticed a scorpion
  2363 | D:3      | 2363 ||| Stepping ~*~*~tactically~*~*~ (stealth).
  2393 | D:3      | Found Muax's General Store.
  2401 | D:3      | 2401 ||| BUYING scroll of identify (24 gold).
  2401 | D:3      | Bought a scroll of identify for 24 gold pieces
  2401 | D:3      | 2401 ||| BUYING scroll of identify (24 gold).
  2401 | D:3      | Bought a scroll of identify for 24 gold pieces
  2444 | D:3      | Found a runed translucent gate.
  2444 | D:3      | Noticed qw's ghost (amateur TeWr)
  2445 | D:3      | Found a runed translucent gate.
  2449 | D:3      | Found a runed translucent gate.
  2449 | D:3      | Noticed qw's ghost (amateur TeWr)
  2450 | D:3      | Noticed qw's ghost (amateur TeWr)
  2450 | D:3      | Noticed qw's ghost (amateur TeWr)
  2450 | D:3      | Noticed qw's ghost (amateur TeWr)
  2558 | D:3      | Killed a scorpion
  2559 | D:3      | Gained mutation: Your magical nature lets you fly swiftly
                  | and evasively. [Tengu growth]
  2559 | D:3      | Reached XP level 5. HP: 21/30 MP: 9/9
  2878 | D:3      | Found a faded altar of an unknown god.
  3032 | D:3      | 3032 ||| READING scroll labelled MAM YKHOUV.
  3033 | D:3      | 3033 ||| READING 2 scrolls labelled TAEPRIH FYESA.
  3034 | D:3      | 3034 ||| READING 3 scrolls labelled CENEN NOZABAMOK.
  3035 | D:3      | 3035 ||| READING scroll labelled CILIKO SUODEL.
  3036 | D:3      | 3036 ||| READING 7 scrolls of identify.
  3036 | D:3      | 3036 ||| IDENTIFYING pink potion
  3037 | D:3      | 3037 ||| READING 6 scrolls of identify.
  3037 | D:3      | 3037 ||| IDENTIFYING murky red potion
  3038 | D:3      | 3038 ||| READING 5 scrolls of identify.
  3038 | D:3      | 3038 ||| IDENTIFYING metallic emerald potion
  3039 | D:3      | 3039 ||| DROPPING scroll of magic mapping.
  3077 | D:4      | You are sucked into a shaft and drop 1 floor!
  3077 | D:5      | Entered Level 5 of the Dungeon
  3086 | D:5      | Noticed a centaur
  3086 | D:5      | Noticed a centaur
  3092 | D:5      | HP: 7/30 [centaur (1)]
  3093 | D:5      | 3093 ||| READING 6 scrolls of teleportation.
  3094 | D:5      | 3094 ||| DRINKING potion of heal wounds.
  3095 | D:5      | Killed a centaur
  3096 | D:5      | Reached skill level 6 in Axes
  3096 | D:5      | Reached XP level 6. HP: 29/35 MP: 10/10
  3147 | D:4      | Found a glowing golden altar of the Shining One.
  3168 | D:4      | HP: 7/35 [iguana (5)]
  3169 | D:4      | 3169 ||| READING 5 scrolls of teleportation.
  3171 | D:4      | Slain by an iguana

Levels and vault maps discovered:
D:1:      psy_arrival_dodecagon, layout_loops_ring, serial_shops, shop,
          nicolae_square_shop, shop, shop, shop
D:2:      layout_basic, minmay_box_of_dots
D:3:      layout_loops_ring, serial_shops, shop, gammafunk_ghost_cemetery,
          dilly_ecumenical_altar_fadedgnrine, kennysheep_flooded_box
D:4:      layout_rooms, mainiacjoe_overflow_large_starburst, serial_shops,
          nicolae_shop_window_shopping, minmay_fractal_squares_gapless_5
D:5:      layout_rooms, nicolae_overflow_crystal_walls

Skill      XL: |  1  2  3  4  5 |
---------------+----------------+-----
Axes           | 3 4 5 6 |  6.9
Fighting       | |  2.0
Throwing       | |  1.0
Armour         | |  1.1
Dodging        | |  2.1
Spellcasting   | |  2.0
Translocations | |  2.4

Action                   |  1- 3 |  4- 6 || total
-------------------------+-------+-------++-------
Melee: Hand axe          |   100 |    51 ||   151
       Kick              |    18 |    16 ||    34
       Peck              |     6 |     5 ||    11
       Punch             |     2 |     1 ||     3
Throw: Boomerang         |    25 |    19 ||    44
  Use: Scroll            |     4 |    13 ||    17
       Potion            |     1 |     1 ||     2
Armor: Leather armour    |    22 |       ||    22
       Scale mail        |    25 |    30 ||    55
Dodge: Dodged            |    54 |    44 ||    98

Table legend:
 A = Non-vault XP
 B = Vault XP
 C = Vault XP percentage of total XP
 D = Non-vault monster count
 E = Vault monster count
 F = Vault count percentage of total count
                 A         B        C        D         E       F
            +---------+---------+-------+---------+---------+-------
      Total |     365 |       4 |   1.1 |      67 |       3 |   4.3
            +---------+---------+-------+---------+---------+-------
        D:1 |      63 |       0 |   0.0 |      34 |       0 |   0.0
        D:2 |      42 |       4 |   8.7 |      18 |       3 |  14.3
        D:3 |     105 |       0 |   0.0 |      11 |       0 |   0.0
        D:4 |      43 |       0 |   0.0 |       3 |       0 |   0.0
        D:5 |     112 |       0 |   0.0 |       1 |       0 |   0.0
            +---------+---------+-------+---------+---------+-------
